 Dungeon Crawl Stone Soup version 0.30-a0-394-g3e4acdb0ae (webtiles) character file.

Game seed: 15749778398997690708

117171 NinjaNoafa the Bludgeoner (level 16, -7/151 HPs)
             Began as a Minotaur Fighter on Dec 6, 2022.
             Was an Initiate of Gozag.
             Succumbed to a naga ritualist's toxic radiance
             ... on level 1 of the Snake Pit.
             The game lasted 01:01:07 (26665 turns).

NinjaNoafa the Bludgeoner (Minotaur Fighter)       Turns: 26665, Time: 01:01:08

Health: -7/151     AC: 35    Str: 29    XL:     16   Next: 22%
Magic:  15/15      EV: 14    Int:  5    God:    Gozag
Gold:   6217       SH:  0    Dex: 16    Spells: 15/15 levels left

rFire   . . .      SeeInvis .    E - +9 dire flail (freeze)
rCold   . . .      Faith    .    (shield currently unavailable)
rNeg    . . .      Spirit   .    b - +18 Lear's hauberk
rPois   x          Reflect  .    (helmet currently unavailable)
rElec   .          Harm     .    K - +2 cloak
rCorr   .          Rampage  .    (gloves currently unavailable)
Will    ++...                    (boots currently unavailable)
Stlth   ..........               p - amulet of Vitality {RegenMP++ Regen++}
HPRegen 2.05/turn                a - +6 ring of strength
MPRegen 0.94/turn                q - ring of willpower

@: lethally poisoned (-7 -> -59), poison vulnerable, gold aura, on berserk
cooldown, slowed, very slow
A: horns 2, retaliatory headbutt
a: Renounce Religion, Potion Petition, Call Merchant, Bribe Branch


You were on level 1 of the Snake Pit.
You worshipped Gozag.
Gozag was greatly pleased with you.
You visited 5 branches of the dungeon, and saw 23 of its levels.
You also visited: Ossuary and Ice Cave.

You collected 9263 gold pieces.
You spent 2937 gold pieces at shops.
You paid 109 gold pieces to Gozag.

Inventory:

Hand Weapons
 E - a +9 dire flail of freezing (weapon)
Missiles
 t - 19 boomerangs (quivered)
 D - 3 boomerangs of dispersal
 H - 18 javelins
 J - 36 poisoned darts
 Q - 16 curare-tipped darts
 R - 3 throwing nets
 W - 3 silver boomerangs
 Y - 4 atropa-tipped darts
Armour
 b - the +18 Lear's hauberk (worn)
   (You found it on level 9 of the Dungeon)
 K - a +2 cloak (worn)
Jewellery
 a - a +6 ring of strength (left hand)
 o - a ring of protection from fire
 p - the amulet of Vitality (around neck) {RegenMP++ Regen++}
   (You bought it in a shop on level 2 of the Orcish Mines)

   [amulet of magic regeneration]

   It increases your rate of magic regeneration.
   Regen:     It increases your rate of health regeneration.
 q - a ring of willpower (right hand)
 u - a ring of positive energy
 y - a ring of see invisible
 S - a ring of ice
Wands
 c - a wand of iceblast (36)
 w - a wand of flame (87)
 C - a wand of paralysis (15)
 L - a wand of polymorph (11)
 M - a wand of acid (7)
 O - a wand of digging (14)
 U - a wand of mindburst (1)
Scrolls
 e - 2 scrolls of identify
 g - 3 scrolls of immolation
 j - 5 scrolls of blinking
 n - 5 scrolls of poison
 s - 10 scrolls of teleportation
 v - 8 scrolls of vulnerability
 x - 2 scrolls of butterflies
 A - 6 scrolls of fear
 B - 3 scrolls of magic mapping
 F - 3 scrolls of torment
Potions
 d - 5 potions of might
 f - 5 potions of mutation
 h - 9 potions of heal wounds
 i - 2 potions of attraction
 k - 15 potions of curing
 l - 6 potions of lignification
 r - 4 potions of haste
 z - a potion of magic
 G - 6 potions of flight
 I - a potion of berserk rage
 N - a potion of resistance
 P - 2 potions of invisibility
 X - a potion of ambrosia
Miscellaneous
 m - a piece from Xom's chessboard (15/15)
 T - a tin of tremorstones (2/2)
 Z - a phantom mirror


   Skills:
 - Level 16.0 Fighting
 + Level 19.1 Maces & Flails
 - Level 10.0 Throwing
 - Level 16.0 Armour
 - Level 10.0 Dodging
 - Level 3.6 Shields
 - Level 10.0 Evocations


You had 15 spell levels left.
You didn't know any spells.
Your spell library contained the following spells:

 Spells                   Type           Power      Damage    Failure   Level
 Apportation              Tloc           0%         N/A       86%         1
 Necrotise                Necr           0%         1d4       86%         1
 Shock                    Conj/Air       0%         1d3       86%         1
 Slow                     Hex            0%         N/A       86%         1
 Summon Small Mammal      Summ           0%         N/A       86%         1
 Ensorcelled Hibernation  Hex/Ice        0%         N/A       95%         2
 Passwall                 Tmut/Erth      0%         N/A       95%         2
 Confusing Touch          Hex            0%         N/A       99%         3
 Gell's Gravitas          Tloc           0%         N/A       99%         3
 Hailstorm                Conj/Ice       0%         3d3       99%         3
 Inner Flame              Hex/Fire       0%         N/A       99%         3
 Lesser Beckoning         Tloc           0%         N/A       99%         3
 Ozocubu's Armour         Ice            0%         N/A       99%         3
 Swiftness                Air            0%         N/A       99%         3
 Teleport Other           Tloc           0%         N/A       99%         3
 Vampiric Draining        Necr           0%         2d6       99%         3
 Airstrike                Air            0%         2d(0-16)  100%        4
 Flame Wave               Conj/Fire      0%         2d4       100%        4
 Ice Form                 Ice/Tmut       0%         N/A       100%        4
 Leda's Liquefaction      Hex/Erth       0%         N/A       100%        4
 Sticky Flame             Conj/Fire      0%         2d3       100%        4
 Summon Lightning Spire   Summ/Air       0%         N/A       100%        4
 Lee's Rapid Deconstruct  Erth           0%         3d4*      100%        5
 Yara's Violent Unravell  Hex/Tmut       0%         3d3       100%        5
 Statue Form              Tmut/Erth      0%         N/A       100%        6
 Enfeeble                 Hex            0%         N/A       100%        7
 Malign Gateway           Summ/Tloc      0%         N/A       100%        7
 Ozocubu's Refrigeration  Ice            0%         4d7       100%        7
 Storm Form               Tmut/Air       0%         N/A       100%        7
 Maxwell's Capacitive Co  Air            0%         ∞         100%        8
 Summon Horrible Things   Summ           0%         N/A       100%        8
 Simulacrum               Ice/Necr       Unusable   N/A       N/A         6

Dungeon Overview and Level Annotations

Branches:
Dungeon (14/15)            Temple (1/1) D:7            Lair (5/5) D:9
 Shoals (0/4) Lair:3        Snake (1/4) Lair:2        Slime (0/5) Lair:5
    Orc (2/2) D:9             Elf (0/3) Orc:2        Vaults (0/5) D:14
Ossuary (visited)           IceCv (visited)

Altars:
Ashenzari
Cheibriados
Dithmenos
Elyvilon
Fedhas
Gozag
Hepliaklqana
Kikubaaqudgha
Makhleb
Nemelex Xobeh
Okawaru
Qazlal
Ru
Sif Muna
Trog
Uskayaw
Vehumet
Wu Jian
Xom
Yredelemnul
Zin
The Shining One
Jiyva
Lugonu

Shops:
D:2 *   D:3 :   D:8 **   Orc:1 :   Orc:2 [=(*

Portals:
Abyss: Lair:5


Innate Abilities, Weirdness & Mutations

You have a pair of horns on your head.
You reflexively headbutt those who attack you in melee.


Message History

You feel very sick.
The naga ritualist hits you but does no damage.
The naga ritualist constricts you.
You flatten the naga ritualist like a pancake!!!
You freeze the naga ritualist!
Your headbutt misses the naga ritualist.
The naga ritualist is almost dead.
You feel very sick.
You hear an angry hiss.
You are more poisoned. x2
The naga ritualist is distracted by your dazzling golden aura.
The naga ritualist spits poison at you.
The splash of poison hits you but does no damage.
You are more poisoned.
You escape the naga ritualist's grasp.
You feel extremely sick.
The naga ritualist prays to its god.
The naga ritualist begins to radiate toxic energy.
* * * LOW HITPOINT WARNING * * *
You are more poisoned.
The naga ritualist spits poison at you.
The splash of poison hits you but does no damage.
You are lethally poisoned!
You feel a strong urge to attack something.
* * * LOW HITPOINT WARNING * * *
You feel extremely sick.
* * * LOW HITPOINT WARNING * * *
You are more poisoned.
The naga ritualist's toxic aura wanes.
The naga ritualist calls down the wrath of its god upon you.
You resist with almost no effort.
You are no longer berserk.
You are exhausted.
You feel yourself slow down.
* * * LOW HITPOINT WARNING * * *
You feel extremely sick.
Things that are here:
14 gold pieces; a +4 glaive of protection; a +0 robe You die...
Your body crumbles into a pile of gold.

..# #####
#.#.# ###
#.#.# ####
#.#.# ...#.
#.#.#
~~.~.#
#.#.#
≈~...##
#######.#.#
≈≈≈~~~##
..........#
≈≈≈≈~~≈#
#######.###
≈≈≈≈≈≈≈≈
#@##
~≈≈≈≈≈≈≈
##$.###
~~≈≈≈≈≈#
#.....#
.≈≈≈≈≈# ###
#8$..8#
.~≈≈≈####.#
###N###
.≈≈≈###...#
#NN.#
.~≈####.###
#N#.# .###
#..# .N ..
...###.##
.#. .#.


You could see 2 naga ritualists.

Vanquished Creatures
  Rupert (Orc:2)
  Agnes (D:14)
  2 orc warlords
  Nessos (D:14)
  Josephine (D:12)
  3 entropy weavers (Lair:4)
  3 ghost crabs (Lair:4)
  7 hydras
  An ogre mage (D:14)
  An anaconda (Snake:1)
  4 catoblepae
  3 boulder beetles
  2 centaur warriors
  3 death yaks (Lair:3)
  A naga warrior (Snake:1)
  A tengu warrior (D:9)
  3 two-headed ogres
  Urug (Orc:1)
  5 orc high priests
  3 thrashing horrors (Lair:5)
  2 shock serpents (Snake:1)
  Sonja (D:10)
  A deep elf knight (D:13)
  2 skeletal warriors (D:14)
  4 fire crabs (Lair:4)
  6 sea snakes (Snake:1)
  Lodul (D:14)
  A lindwurm (Lair:5)
  A wizard (D:14)
  4 naga ritualists (Snake:1)
  Pikel (D:6)
  4 orc knights
  A deep elf zephyrmancer (D:13)
  An oklob plant (Lair:4)
  3 deep elf pyromancers (D:14)
  4 ugly things
  4 manticores
  4 orc sorcerers
  9 mana vipers (Snake:1)
  Maurice (Orc:2)
  4 cyclopes
  5 elephants (Lair:2)
  3 large abominations (Lair:5)
  6 naga magi (Snake:1)
  An apocalypse crab (Lair:4)
  20 black mambas
  Maggie (D:8)
  3 ice statues (IceCv)
  A smoke demon (Lair:5)
  Joseph (D:8)
  A gargoyle (D:12)
  4 centaur skeletons (D:14)
  7 rime drakes
  Psyche (D:12)
  14 cane toads
  An efreet (D:13)
  7 komodo dragons
  3 yaktaurs
  A freezing wraith (IceCv)
  An ancient zyme (Lair:5)
  A meliai (shapeshifter) (Lair:5)
  6 meliai
  7 trolls
  Grinder (D:3)
  21 blink frogs
  14 slime creatures
  Sigmund (D:4)
  A snapping turtle (Lair:3)
  A ynoxinul (Lair:5)
  5 wyverns
  A spriggan (shapeshifter) (Lair:5)
  61 yaks
  2 spriggans (Lair:5)
  5 wraiths
  2 chaos spawn (Lair:5)
  A shadow (D:11)
  7 vampire mosquitoes
  12 basilisks
  Menkaure (D:5)
  3 steam dragons
  2 harpy simulacra (IceCv)
  5 wargs
  5 nagas
  An acid dragon (D:13)
  Edmund (D:4)
  10 water moccasins
  3 ice beasts
  33 orc warriors
  2 sky beasts (D:7)
  17 ogres
  3 black bears
  9 wolves
  9 centaurs
  A lemure (D:6)
  A kobold brigand (D:9)
  11 small abominations (Lair:5)
  8 bullfrogs
  A necrophage (D:5)
  2 gnoll sergeants
  2 scorpions
  8 wights
  2 cane toad simulacra (IceCv)
  An elephant simulacrum (IceCv)
  6 electric eels
  3 howler monkeys
  4 jellies
  4 hounds
  16 orc priests
  A gnoll bouda (D:6)
  A human zombie (Ossuary)
  Crazy Yiuf (D:6)
  4 iguanas
  18 orc wizards
  Ijyb (D:5)
  17 hell rats
  2 wolf simulacra (IceCv)
  2 polar bear simulacra (IceCv)
  A hound zombie (Ossuary)
  5 mummies
  6 adders
  22 gnolls
  2 white imps
  An adder zombie (Ossuary)
  2 dart slugs
  77 orcs
  4 endoplasms
  3 giant cockroaches (D:1)
  3 gnoll zombies (Ossuary)
  10 hobgoblins
  3 quokkas
  6 ball pythons
  13 bats
  2 frilled lizards (D:3)
  4 goblins
  A goblin zombie (Ossuary)
  A hobgoblin zombie (Ossuary)
  A jackal zombie (Ossuary)
  8 kobolds
  4 kobold zombies
  A rat (D:3)
  A rat zombie (Ossuary)
738 creatures vanquished.

Vanquished Creatures (others)
  An orc wizard (Orc:1)
  A gnoll (Orc:1)
  2 orcs
  56 fungi
  43 plants
103 creatures vanquished.

Grand Total: 841 creatures vanquished

Notes
Turn   | Place    | Note
-------+----------+-------------------------------------------
     0 | D:1      | NinjaNoafa the Minotaur Fighter began the quest for the
                  | Orb.
     0 | D:1      | Reached XP level 1. HP: 19/19 MP: 0/0
   226 | D:1      | Reached skill level 3 in Maces & Flails
   232 | D:1      | Reached XP level 2. HP: 25/26 MP: 1/1
   693 | D:2      | Reached skill level 4 in Maces & Flails
   762 | D:2      | Found a radiant altar of Vehumet.
   872 | D:2      | Reached XP level 3. HP: 31/31 MP: 2/2
   911 | D:2      | Found Zeig's Assorted Antiques.
  1219 | D:3      | Found a shadowy altar of Dithmenos.
  1429 | D:3      | Reached skill level 5 in Maces & Flails
  1429 | D:3      | Reached XP level 4. HP: 13/39 MP: 3/3
  1556 | D:3      | Reached skill level 6 in Maces & Flails
  1560 | D:3      | Found Huryfuy's Book Emporium.
  1715 | D:3      | Noticed Grinder
  1736 | D:3      | Killed Grinder
  1737 | D:3      | Reached skill level 8 in Maces & Flails
  1737 | D:3      | Reached XP level 5. HP: 14/45 MP: 4/4
  1737 | D:3      | Reached XP level 6. HP: 15/51 MP: 5/5
  2471 | D:4      | Found a sand-covered staircase.
  2502 | Ossuary  | Entered an ossuary
  2634 | Ossuary  | Reached skill level 9 in Maces & Flails
  2834 | Ossuary  | Reached XP level 7. HP: 51/57 MP: 6/6
  3003 | D:4      | Found a sacrificial altar of Ru.
  3191 | D:4      | Noticed Sigmund
  3201 | D:4      | Killed Sigmund
  3202 | D:4      | Reached skill level 10 in Maces & Flails
  3230 | D:4      | Noticed Edmund
  3248 | D:4      | Killed Edmund
  3398 | D:5      | Entered Level 5 of the Dungeon
  3414 | D:5      | Reached skill level 5 in Fighting
  3442 | D:5      | Noticed Menkaure
  3448 | D:5      | Killed Menkaure
  3548 | D:5      | Reached XP level 8. HP: 70/71 MP: 7/7
  4004 | D:5      | Noticed Ijyb
  4013 | D:5      | Killed Ijyb
  4285 | D:2      | Bought a masterwork chain mail for 247 gold pieces
  4285 | D:2      | Identified the +0 chain mail "Waumegh" {rPois rC+} (You
                  | bought it in a shop on level 2 of the Dungeon)
  4566 | D:5      | Reached skill level 1 in Dodging
  4883 | D:6      | Found a shimmering altar of Xom.
  4890 | D:6      | Reached skill level 5 in Armour
  4903 | D:6      | Reached skill level 1 in Throwing
  5038 | D:6      | Identified the +0 chain mail of Ethics {Rampage Regen+}
  5160 | D:6      | Noticed Pikel
  5172 | D:6      | Killed Pikel
  5173 | D:6      | Reached XP level 9. HP: 68/83 MP: 8/8
  5244 | D:6      | Found a burning altar of Makhleb.
  5244 | D:6      | Found a broken altar of Ashenzari.
  5245 | D:6      | Found an ornate altar of the Wu Jian Council.
  5864 | D:6      | Found a runed translucent door.
  5865 | D:6      | Noticed Crazy Yiuf
  6010 | D:6      | Killed Crazy Yiuf
  6200 | D:7      | Reached skill level 5 in Dodging
  6248 | D:7      | Reached skill level 10 in Fighting
  6497 | D:7      | Found a staircase to the Ecumenical Temple.
  6525 | Temple   | Entered the Ecumenical Temple
  6852 | Temple   | Became a worshipper of Gozag Ym Sagoz the Greedy
  6980 | D:7      | Found a hazy altar of Hepliaklqana.
  7192 | D:8      | Noticed Maggie
  7202 | D:8      | Killed Maggie
  7203 | D:8      | Reached XP level 10. HP: 90/93 MP: 9/9
  7358 | D:8      | Found Nuhir's General Store.
  7362 | D:8      | Found Uzeraby Payn's Specific Store.
  7370 | D:8      | Bought a scroll of identify for 26 gold pieces
  7393 | D:8      | Reached skill level 5 in Throwing
  7627 | D:8      | Found a glowing golden altar of the Shining One.
  7683 | D:8      | Noticed Joseph
  7691 | D:8      | Killed Joseph
  8177 | D:8      | Reached skill level 10 in Armour
  8590 | D:2      | Bought a scroll labelled KIUHI ZICIKK for 26 gold pieces
  8763 | D:8      | Reached skill level 1 in Evocations
  8959 | D:9      | Noticed a two-headed ogre
  8968 | D:9      | Killed a two-headed ogre
  9227 | D:9      | Reached skill level 5 in Evocations
  9233 | D:9      | Acquired 767 gold pieces
  9410 | D:9      | Noticed a tengu warrior
  9425 | D:9      | Killed a tengu warrior
  9596 | D:9      | Found the +18 Lear's hauberk
  9719 | D:9      | Found a staircase to the Lair.
  9811 | D:9      | Found a staircase to the Orcish Mines.
  9857 | D:9      | Reached XP level 11. HP: 101/101 MP: 10/10
 10151 | D:10     | Entered Level 10 of the Dungeon
 10151 | D:10     | Noticed a two-headed ogre
 10157 | D:10     | Killed a two-headed ogre
 10414 | D:10     | Noticed a two-headed ogre
 10416 | D:10     | Noticed Sonja
 10427 | D:9      | Killed a two-headed ogre
 10485 | Lair:1   | Entered Level 1 of the Lair of Beasts
 10543 | Lair:1   | Reached skill level 11 in Maces & Flails
 10854 | Lair:1   | Found a frozen archway.
 10868 | IceCv    | Entered an ice cave
 10939 | IceCv    | Noticed a white ugly thing
 10961 | IceCv    | Killed a white ugly thing
 11168 | IceCv    | Reached skill level 12 in Maces & Flails
 11486 | Lair:1   | Reached XP level 12. HP: 100/112 MP: 11/11
 11918 | Lair:1   | Reached skill level 13 in Maces & Flails
 12199 | Lair:2   | Reached skill level 14 in Maces & Flails
 12424 | Lair:2   | Identified the +8 chain mail of Hopscotch {Rampage rF+
                  | Slay+2}
 12479 | Lair:2   | Noticed a boulder beetle
 12483 | Lair:2   | Found a staircase to the Snake Pit.
 12486 | Lair:2   | Noticed a boulder beetle
 12496 | Lair:2   | Killed a boulder beetle
 12500 | Lair:2   | Noticed a catoblepas
 12513 | Lair:2   | Killed a boulder beetle
 12527 | Lair:2   | Killed a catoblepas
 12785 | Lair:2   | Identified the +6 war axe of Crusades {protect, Will+ Int+3
                  | Dex+3 Stlth+}
 13720 | Lair:3   | Noticed a death yak
 13722 | Lair:3   | Noticed a death yak
 13724 | Lair:3   | Noticed a death yak
 13736 | Lair:3   | Killed a death yak
 13743 | Lair:3   | Killed a death yak
 13744 | Lair:3   | Killed a death yak
 13805 | Lair:3   | Reached XP level 13. HP: 121/123 MP: 12/12
 14296 | Lair:3   | Found a staircase to the Shoals.
 14773 | Lair:4   | Reached skill level 15 in Maces & Flails
 15636 | Lair:4   | Found a runed translucent door.
 15845 | Lair:4   | Reached skill level 16 in Maces & Flails
 16235 | Lair:4   | Paralysed by you for 2 turns
 16369 | Lair:5   | Entered Level 5 of the Lair of Beasts
 16369 | Lair:5   | Found a staircase to the Slime Pits.
 16369 | Lair:5   | Found a viscous altar of Jiyva.
 16845 | Lair:5   | Reached XP level 14. HP: 132/132 MP: 13/13
 17185 | D:8      | Bought a wand of iceblast (2) for 62 gold pieces
 17327 | D:2      | Bought 2 potions of curing for 156 gold pieces
 17496 | D:10     | Killed Sonja
 17679 | D:10     | Found a glowing silver altar of Zin.
 18028 | D:11     | Reached skill level 10 in Dodging
 18964 | D:12     | Noticed Josephine
 18982 | D:12     | Killed Josephine
 19180 | D:12     | Noticed Psyche
 19182 | D:12     | Killed Psyche
 21617 | Lair:5   | Reached skill level 10 in Throwing
 22006 | Lair:5   | Reached skill level 10 in Evocations
 22115 | Lair:5   | Reached XP level 15. HP: 132/138 MP: 14/14
 22145 | Lair:5   | Found a corrupted altar of Lugonu.
 22151 | Lair:5   | Found a one-way gate to the infinite horrors of the Abyss.
 22364 | Orc:1    | Entered Level 1 of the Orcish Mines
 22369 | Orc:1    | Found a shimmering altar of Xom.
 22650 | Orc:2    | Entered Level 2 of the Orcish Mines
 22784 | Orc:1    | Noticed Urug
 22793 | Orc:1    | Killed Urug
 22911 | Orc:1    | Found Dosadgh's Book Emporium.
 23084 | Orc:2    | Noticed Rupert
 23178 | Orc:2    | Noticed Maurice
 23190 | Orc:2    | Reached skill level 15 in Fighting
 23190 | Orc:2    | Reached skill level 15 in Armour
 23192 | Orc:2    | Killed Rupert
 23719 | Orc:2    | Found Ziamm's Antique Weapon Emporium.
 23781 | Orc:2    | Killed Maurice
 23973 | Orc:2    | Found Hoaps's Antique Armour Boutique.
 24038 | Orc:2    | Found Lachiphe's General Store.
 24046 | Orc:2    | Bought a scroll of identify for 24 gold pieces
 24046 | Orc:2    | Bought a potion of curing for 36 gold pieces
 24046 | Orc:2    | Bought a scroll of butterflies for 48 gold pieces
 24234 | Orc:2    | Found a staircase to the Elven Halls.
 24299 | Orc:2    | Found Keddefil's Jewellery Emporium.
 24347 | Orc:2    | Bought a +6 ring of strength for 612 gold pieces
 24351 | Orc:2    | Bought the amulet of Vitality {RegenMP++ Regen++} for 1700
                  | gold pieces
 24351 | Orc:2    | Found the amulet of Vitality {RegenMP++ Regen++}
 24750 | D:14     | Noticed Lodul
 24752 | D:14     | Killed Lodul
 24857 | D:14     | Noticed Agnes
 24866 | D:14     | Killed Agnes
 25296 | D:14     | Identified the +0 whip of Voracious Defiance {protect,
                  | Will+ Str-2 Dex+4 Stlth+}
 25472 | D:14     | Noticed Nessos
 25482 | D:14     | Killed Nessos
 25488 | D:14     | Reached skill level 17 in Maces & Flails
 25597 | D:14     | Found a gate to the Vaults.
 25881 | Snake:1  | Entered Level 1 of the Snake Pit
 25949 | Snake:1  | Found a glowing golden altar of the Shining One.
 26247 | Snake:1  | Reached skill level 18 in Maces & Flails
 26257 | Snake:1  | Reached XP level 16. HP: 151/151 MP: 15/15
 26641 | Snake:1  | Reached skill level 19 in Maces & Flails
 26650 | Snake:1  | Identified the +6 whip "Qixtaen" {spect, rC++ Str+3}
 26665 | Snake:1  | Succumbed to a naga ritualist's toxic radiance

Illustrated notes

Levels and vault maps discovered:
D:1:      dpeg_arrival_simpleton_b, layout_loops_ring, minmay_cupped
D:2:      layout_rooms, basic_altar, serial_shops, shop,
          grunt_decor_mini_mirrors, st_stairs_14, serial_bayou_pond_a
D:3:      layout_loops_corners, grunt_dithmenos_smoke, serial_shops, shop,
          uniq_grinder
D:4:      layout_basic, mainiacjoe_overflow_alcove_4,
          nicolae_ossuary_entry_giza, sigmund_edmund_badplayer
D:5:      layout_cave_pods, serial_column_ruins, column_ruins_hut_water,
          column_ruins_corridor_straight, column_ruins_columns_corner,
          column_ruins_open_small_water, column_ruins_corridor_straight,
          uniq_menkaure, uniq_ijyb
D:6:      layout_basic, lemuel_round_altar,
          chequers_temple_overflow_statue_of_worship, interstate_on_off,
          hangedman_decor_points, uniq_pikel, uniq_crazy_yiuf_cottage
D:7:      layout_cave_pools, nicolae_hepliaklqana_hazy_memory,
          minmay_temple_entry_overgrown
D:8:      layout_gridville, lemuel_coloured_pillars_altar,
          nicolae_specific_store, disabler_island, uniq_maggie, uniq_joseph
D:9:      layout_long_grid, david_lair_shrubbed, david_orc_4,
          hellmonk_guarded_unrand_lears
D:10:     layout_cave_pools, zin_academy, minivault_25_ag, minmay_statues_item,
          uniq_sonja
D:11:     layout_loops_ring, minmay_misc_feat_four_crosses
D:12:     layout_irregular_city, minivault_22, uniq_josephine, uniq_psyche
D:13:     layout_irregular_city, hangedman_decor_peaks_small,
          nicolae_straight_to_the_point
D:14:     layout_roguey, hangedman_vaults_entry_quadrant_bands,
          minmay_fountain_box, uniq_agnes, uniq_nessos, uniq_lodul
Temple:   oiseaux_autumnal_temple
Lair:1:   layout_cave_pods, portal_ice_cave_rime, minmay_holes,
          grunt_megastairs_5
Lair:2:   layout_cave_pods, guppyfry_snake_entry_island, gauntlet_entry_generic,
          grunt_megastairs_1
Lair:3:   layout_chaotic_city, minmay_shoals_entry_hut, lemuel_fruit_fields
Lair:4:   gammafunk_mikee_crab_dinner, layout_cave_pods
Lair:5:   hellmonk_lair_end_abyssal_woods, layout_long_grid,
          minmay_slime_entry_pillars, roderic_batcave, grunt_megastairs_3
Snake:1:  layout_basic, basic_altar, nicolae_snake_naga_rites
Orc:1:    layout_caves, basic_altar, serial_shops, nicolae_diamond_shop,
          mines2_david, uniq_urug
Orc:2:    grunt_orc_gardens, layout_diamond_mine, grunt_orc_garden,
          grunt_orc_garden, grunt_orc_garden, grunt_orc_garden, uniq_maurice,
          uniq_rupert

Skill      XL: |  1  2  3  4  5  6  7  8  9 10 11 12 13 14 15 16 |
---------------+-------------------------------------------------+-----
Maces & Flails | 3 4 5 8 9 10 12 14 16 18 19 | 19.1
Fighting       | 6 9 10 12 13 14 16 | 16.0
Armour         | 5 7 10 12 13 14 16 | 16.0
Dodging        | 3 5 7 8 9 10 | 10.0
Throwing       | 2 4 5 7 10 | 10.0
Evocations     | 5 6 10 | 10.0
Shields        | |  3.6

Action                   |  1- 3 |  4- 6 |  7- 9 | 10-12 | 13-15 | 16-18 || total
-------------------------+-------+-------+-------+-------+-------+-------++-------
Melee: Flail             |    67 |   102 |    21 |       |       |       ||   190
       Headbutt          |    12 |    28 |    34 |    72 |   224 |     7 ||   377
       Dire flail        |       |       |   177 |   305 |   914 |    66 ||  1462
Throw: Boomerang         |       |    18 |     4 |    42 |   131 |    37 ||   232
       Javelin           |       |       |       |     7 |    23 |     2 ||    32
       Stone             |       |       |       |     1 |       |       ||     1
       Dart              |       |       |       |     5 |       |       ||     5
Evoke: Wand              |       |       |     5 |    10 |    23 |     6 ||    44
       Tin of tremorston |       |       |       |     1 |     4 |       ||     5
       Phantom mirror    |       |       |       |       |     1 |       ||     1
       Piece from Xom's  |       |       |       |       |     1 |       ||     1
  Use: Potion            |     1 |       |     1 |     5 |     1 |     2 ||    10
       Scroll            |       |       |       |    29 |    15 |       ||    44
 Stab: Paralysed         |       |       |     2 |     1 |       |       ||     3
       Distracted        |       |       |       |     4 |    15 |     1 ||    20
       Petrified         |       |       |       |       |     2 |       ||     2
Armor: Scale mail        |    36 |    52 |     4 |       |       |       ||    92
       Chain mail        |       |       |    85 |   231 |   598 |    37 ||   951
Dodge: Dodged            |    35 |    62 |    63 |   156 |   483 |    36 ||   835
Block: Buckler           |    17 |    26 |     2 |       |       |       ||    45
       Other             |       |       |       |       |    74 |       ||    74
       Reflection        |       |       |       |       |     8 |       ||     8

Table legend: (Time is in decaauts)
 A = Elapsed time spent in this place.
 B = Non-inter-level travel time spent in this place.
 C = Inter-level travel time spent in this place.
 D = Time resting spent in this place.
 E = Time spent auto-exploring this place.
 F = Levels seen in this place.
 G = Mean time per level.
                   A        B        C        D        E       F      G
               +--------+--------+--------+--------+--------+-----+--------+
         Total |  26243 |  23693 |   2550 |    766 |  18521 |  25 | 1049.7 |
       Dungeon |  14621 |  12849 |   1772 |    453 |  10247 |  14 | 1044.4 |
        Temple |    370 |    291 |     79 |      0 |    277 |   1 |  370.0 |
          Lair |   7415 |   6901 |    514 |      0 |   5565 |   5 | 1483.0 |
     Snake Pit |    729 |    729 |      0 |      0 |    450 |   1 |  729.0 |
  Orcish Mines |   2169 |   1986 |    183 |    313 |   1260 |   2 | 1084.5 |
       Ossuary |    383 |    383 |      0 |      0 |    297 |   1 |  383.0 |
      Ice Cave |    553 |    553 |      0 |      0 |    424 |   1 |  553.0 |
               +--------+--------+--------+--------+--------+-----+--------+

Top non-repeatable levels by time:
  Lair:4: 2048 daAuts
     D:8: 1800 daAuts
  Lair:5: 1680 daAuts
     D:9: 1516 daAuts
  Lair:2: 1494 daAuts
     D:6: 1358 daAuts
     D:5: 1334 daAuts
   Orc:1: 1322 daAuts
     D:3: 1243 daAuts
  Lair:3: 1101 daAuts
  Lair:1: 1089 daAuts
    D:12: 992 daAuts
    D:13: 989 daAuts
    D:11: 925 daAuts
    D:14: 905 daAuts
